 Dungeon Crawl Stone Soup version 0.23.2-40-g277498a001 (webtiles) character file.

Game seed: 10656270720456240337

90496 MalarOregon the Geomancer (level 16, -11/97 HPs)
             Began as a Gargoyle Earth Elementalist on Aug 28, 2019.
             Was the Champion of Makhleb.
             Killed from afar by an ice dragon (43 damage)
             ... with a blast of cold
             ... in an ice cave on Aug 29, 2019.
             The game lasted 01:54:07 (30846 turns).

MalarOregon the Geomancer (GrEE)                   Turns: 30846, Time: 01:54:08

Health: -11/97     AC: 30    Str: 18    XL:     16   Next: 0%
Magic:  13/31      EV: 12    Int: 26    God:    Makhleb [******]
Gold:   1323       SH:  0    Dex: 10    Spells: 11/38 levels left

rFire    + . .     SeeInvis .   L - staff of earth
rCold    . . .     Gourm    .   (no shield)
rNeg     + . .     Faith    .   M - +1 scale mail {rF+}
rPois    ∞         Spirit   .   v - +1 helmet
rElec    +         Reflect  .   R - +2 cloak of Orthodoxy {Int+4}
rCorr    .         Harm     .   F - +0 pair of gloves
MR       +....                  J - +0 pair of boots
Stlth    ..........             r - amulet of rage
HPRegen  0.26/turn              p - ring of wizardry
MPRegen  0.22/turn              q - +5 ring of strength

@: no status effects
A: big wings, negative energy resistance 1, electricity resistance, unbreathing,
petrification resistance, rot immunity, AC +12
a: Fly, Minor Destruction, Lesser Servant of Makhleb, Major Destruction, Greater
Servant of Makhleb, Renounce Religion, Evoke Berserk Rage


You were in an ice cave.
You worshipped Makhleb.
Makhleb was exalted by your worship.
You were not hungry.

You visited 3 branches of the dungeon, and saw 22 of its levels.
You also visited: Sewer, Ossuary and Ice Cave.

You collected 1851 gold pieces.
You spent 528 gold pieces at shops.

Inventory:

Hand Weapons
 y - a +2 falchion of electrocution
   (You took it off an orc on level 4 of the Dungeon)
 W - a +0 demon trident of flaming
   (You took it off Urug on level 2 of the Lair of Beasts)
Missiles
 w - 344 stones (quivered)
 T - 2 throwing nets {!f}
Armour
 v - a +1 helmet (worn)
   (You took it off Robin on level 2 of the Dungeon)
 F - a +0 pair of gloves (worn)
   (You found it on level 1 of the Lair of Beasts)
 J - a +0 pair of boots (worn)
   (You found it on level 8 of the Dungeon)
 M - a +1 scale mail of fire resistance (worn)
   (You found it on level 8 of the Dungeon)
 R - the +2 cloak of Orthodoxy (worn) {Int+4}
   (You found it on level 2 of the Lair of Beasts)

   It affects your intelligence (+4).
Magical Staves
 L - an uncursed staff of earth (weapon)
   (You found it on level 8 of the Dungeon)
Jewellery
 l - an uncursed ring of fire
   (You found it on level 12 of the Dungeon)
 m - an uncursed ring of positive energy
   (You found it on level 2 of the Dungeon)
 p - a ring of wizardry (left hand)
   (You found it on level 2 of the Dungeon)
 q - a +5 ring of strength (right hand)
   (You found it on level 5 of the Dungeon)
 r - an amulet of rage (around neck)
   (You found it on level 3 of the Dungeon)
Wands
 c - a wand of disintegration (12)
   (You found it on level 6 of the Dungeon)
 t - a wand of flame (21)
   (You found it on level 7 of the Dungeon)
 u - a wand of paralysis (8)
   (You took it off a naga on level 4 of the Lair of Beasts)
 x - a wand of acid (24)
   (You took it off a centaur on level 10 of the Dungeon)
 I - a wand of polymorph (26)
   (You took it off Maurice on level 8 of the Dungeon)
 V - a wand of clouds (7)
   (You found it on level 2 of the Lair of Beasts)
Scrolls
 a - 4 scrolls of fog
 b - 2 scrolls of enchant armour
 h - 10 scrolls of fear
 k - 19 scrolls of teleportation {@r4}
 n - 4 scrolls of remove curse {@r2}
 A - 5 scrolls of identify {@r1}
 C - 2 scrolls of magic mapping
 E - 2 scrolls of blinking
 H - 4 scrolls of enchant weapon
Potions
 d - 5 potions of haste {@q3}
 f - 4 potions of might
 g - a potion of ambrosia
 i - 4 potions of berserk rage
 j - 8 potions of heal wounds {@q2}
 o - a potion of mutation {!q}
 s - 2 potions of invisibility
 z - 3 potions of curing {@q1}
 D - 4 potions of brilliance
 G - 5 potions of flight
 P - 2 potions of magic
 Q - 3 potions of lignification {!q}
 S - 2 potions of agility
Miscellaneous
 K - 5 sacks of spiders
 N - a lamp of fire
   (You found it on level 8 of the Dungeon)
Comestibles
 e - 40 rations {!d}


   Skills:
 * Level 10.0 Fighting
 + Level 7.1 Staves
 * Level 10.1 Armour
 + Level 6.8 Dodging
 - Level 2.1 Stealth
 + Level 11.7 Spellcasting
 * Level 11.9 Conjurations
 - Level 0.7 Transmutations
 - Level 14.0 Earth Magic
 * Level 6.6 Invocations
 + Level 8.2 Evocations


You had 11 spell levels left.
You knew the following spells:

 Your Spells              Type           Power        Failure   Level  Hunger
a - Sandblast             Erth           ######       1%          1    None
b - Lee's Rapid Deconstr  Erth           #######...   1%          5    ###....
c - Petrify               Tmut/Erth      ######..     1%          4    None
d - Blink                 Tloc           N/A          6%          2    None
e - Mephitic Cloud        Conj/Pois/Air  #####...     2%          3    None
f - Borgnjor's Vile Clut  Necr/Erth      ######....   6%          5    ###....
g - Poisonous Vapours     Pois/Air       ###...       6%          2    None
q - Passwall              Tmut/Erth      ######..     1%          2    None
x - Stone Arrow           Conj/Erth      ######       1%          3    None

Your spell library contained the following spells:

 Spells                   Type           Power        Failure   Level  Hunger
 Magic Dart               Conj           ####         1%          1    None
 Searing Ray              Conj           ######       1%          2    None
 Conjure Flame            Conj/Fire      #####...     1%          3    None
 Dazzling Spray           Conj/Hex       #####.       1%          3    None
 Iskenderun's Mystic Bla  Conj           ######..     1%          4    None
 Force Lance              Conj/Tloc      #####...     3%          4    None
 Fulminant Prism          Conj/Hex       #####.....   3%          4    None
 Animate Skeleton         Necr           N/A          4%          1    None
 Confusing Touch          Hex            ###...       4%          1    None
 Pain                     Necr           ###.         4%          1    None
 Summon Small Mammal      Summ           ###.         4%          1    None
 Call Imp                 Summ           ###.....     6%          2    None
 Slow                     Hex            ###.....     6%          2    None
 Swiftness                Chrm/Air       ###.....     6%          2    None
 Confuse                  Hex            ###.....     12%         3    None
 Gell's Gravitas          Tloc           ###.......   12%         3    None
 Ozocubu's Armour         Chrm/Ice       ###.....     12%         3    None
 Regeneration             Chrm/Necr      ###.......   12%         3    None
 Summon Guardian Golem    Hex/Summ       ###.....     12%         3    None
 Vampiric Draining        Necr           ###.......   12%         3    None
 Animate Dead             Necr           N/A          34%         4    None
 Cause Fear               Hex            ###.......   34%         4    None
 Yara's Violent Unravell  Hex/Tmut       ###.......   65%         5    ###....
 Metabolic Englaciation   Hex/Ice        ###.......   69%         5    ###....
 Silence                  Hex/Air        ###.......   69%         5    ###....
 Summon Demon             Summ           ###.......   69%         5    ###....
 Freezing Cloud           Conj/Ice/Air   #####.....   71%         6    #####..
 Deflect Missiles         Chrm/Air       ###.......   99%         6    #####..
 Ring of Flames           Chrm/Fire      ###.......   100%        7    ######.
 Discord                  Hex            ###.......   100%        8    #######
 Dragon's Call            Summ           ###.......   100%        9    #######
 Sublimation of Blood     Necr           Unusable     N/A         2    N/A

Dungeon Overview and Level Annotations

Branches:
Dungeon (15/15)            Temple (1/1) D:5            Lair (6/6) D:11
 Shoals (0/4) Lair:4        Snake (0/4) Lair:4        Slime (0/5) Lair:6
    Orc (0/2) D:9          Vaults (0/5) D:13
 Depths: D:15

Altars:
Ashenzari
Cheibriados
Dithmenos
Elyvilon
Fedhas
Hepliaklqana
Kikubaaqudgha
Makhleb
Nemelex Xobeh
Okawaru
Qazlal
Ru
Sif Muna
Uskayaw
Vehumet
Wu Jian
Xom
Zin
The Shining One
Beogh
Jiyva

Shops:
D:7 ?   D:11 *   D:12 *   D:13 %

Portals:
Trove: D:14 (give +5 demon trident)


Innate Abilities, Weirdness & Mutations

You are resistant to torment.
Your stone body is resilient. (AC +12)
You are immune to poison.
Your large and strong wings let you fly indefinitely.
You resist negative energy. (rN+)
You are resistant to electric shocks. (rElec)
You can survive without breathing.
You are immune to petrification.
You are immune to rotting.


Message History

Fragment what (e.g. wall or brittle monster)?: an ice beast (severely wounded)
You feel a surge of power!
The ice beast shatters!!
You blow up the ice beast!
Makhleb accepts your kill.
The icy blast hits the ice beast!!
The ice beast partially resists.
You kill the ice beast!
Makhleb accepts your kill.
Fragment what (e.g. wall or brittle monster)?: an ice beast You feel a surge of power!
The ice beast shatters!!!
You blow up the ice beast!
Makhleb accepts your kill.
An ice dragon comes into view.
An ice dragon is nearby!
An ice covered rock wall.
You feel a surge of power!
The wall shatters!
The blast of rock fragments hits the ice dragon!
You are starving!
An ice dragon comes into view.
You eat one of the 41 rations {!d}.
That ration really hit the spot!
The ice dragon roars deafeningly!
The ice dragon breathes frost at you. The blast of cold hits you!!
An ice covered rock wall.
You feel a surge of power!
The wall shatters!
The blast of rock fragments hits the ice dragon!!
You start resting.
The ice dragon is too close now for your liking.
An ice covered rock wall.
You feel a surge of power!
The wall shatters!
The blast of rock fragments hits the ice dragon!
The ice dragon breathes frost at you. The blast of cold hits you!!!
Ouch! That really hurt!
* * * LOW HITPOINT WARNING * * *
You feel much better. The ice dragon breathes frost at you.
The blast of cold hits you!!
* * * LOW HITPOINT WARNING * * *
The ice dragon breathes frost at you. The blast of cold misses you.
The ice dragon breathes frost at you. The blast of cold misses you.
You can't see that place. [the floor.] Unknown command.
You create a blast of freezing vapour!
You create a blast of freezing vapour!
The ice dragon breathes frost at you. The blast of cold hits you!!!
You die...

#..## ####..####
##.#....#.##
###..........##
#.............##
###..............##
#.................#
##................#
..#..@...........##
. ###...§.......##
###§§§§....##
###D§§§### ##.§###
###..## ######...##
##...D..###
##...D####


You could see an ice dragon.

Vanquished Creatures
  Kirke (D:13)
  An ironheart preserver (D:13)
  Azrael (D:11)
  Snorg (D:11)
  An ogre mage (D:12)
  Josephine (Lair:5)
  Fannar (D:11)
  3 catoblepae (Lair:6)
  6 hydras
  7 centaur warriors
  4 two-headed ogres
  5 death yaks (Lair:6)
  Urug (Lair:2)
  4 skeletal warriors
  7 unseen horrors
  A wizard (D:15)
  A wolf spider (D:8)
  A wolf spider zombie (D:14)
  5 oklob plants
  4 manticores
  A deep elf mage (D:13)
  4 elephants (Lair:6)
  6 cyclopes
  6 ugly things
  Maurice (D:8)
  2 ice statues (IceCv)
  5 black mambas
  4 gargoyles
  6 spiny frogs
  4 komodo dragons
  2 kobold demonologists
  2 rime drakes
  A tengu conjurer (D:12)
  2 freezing wraiths
  2 ice devils (D:15)
  3 trolls
  5 polar bears
  2 hornets
  6 slime creatures
  Prince Ribbit (D:6)
  10 blink frogs
  A snapping turtle (Lair:4)
  13 hippogriffs
  A shadow (D:15)
  A vampire (D:11)
  7 wraiths
  8 wyverns
  63 yaks
  A human (D:11)
  2 hungry ghosts
  2 fire elementals (D:12)
  3 vampire mosquitoes
  Edmund (D:6)
  3 basilisks
  4 nagas (Lair:4)
  2 soldier ants
  5 water moccasins
  3 acid dragons
  A floating eye (shapeshifter) (D:13)
  6 hell hounds (D:12)
  11 porcupines
  Purgy (Sewer)
  15 ice beasts
  A hornet zombie (D:8)
  19 orc warriors
  A black bear (shapeshifter) (D:13)
  8 black bears
  2 eyes of draining
  A phantom (D:4)
  4 sky beasts
  2 necrophages
  17 wolves
  4 boggarts (D:14)
  12 ogres
  12 crocodiles
  15 centaurs
  5 big kobolds (D:10)
  20 bullfrogs
  2 wyvern skeletons (D:13)
  6 water moccasin zombies
  9 scorpions
  38 killer bees
  11 wights
  5 howler monkeys
  5 crimson imps
  A quasit (D:7)
  2 centaur zombies
  2 bullfrog zombies
  2 jellies (D:8)
  10 orc priests
  3 hounds
  A bullfrog skeleton (D:7)
  5 centaur skeletons
  5 iguanas
  8 orc wizards
  7 worker ants
  A killer bee zombie (D:7)
  2 big kobold zombies (Ossuary)
  3 hound zombies
  3 hound skeletons
  2 mummies (Ossuary)
  Robin (D:2)
  19 adders
  5 shadow imps
  2 oozes
  3 adder skeletons
  5 adder zombies
  2 worms (D:2)
  A dart slug (D:1)
  2 leopard geckos (D:2)
  82 orcs
  15 bats
  4 giant cockroaches
  A gnoll zombie (Ossuary)
  13 goblins
  8 hobgoblins
  17 jackals
  3 quokkas
  A ball python skeleton (D:4)
  3 frilled lizards
  4 hobgoblin zombies (Ossuary)
  35 kobolds
  8 kobold skeletons (D:10)
  15 kobold zombies
  3 leopard gecko skeletons
  A leopard gecko zombie (D:6)
  3 orc zombies (Ossuary)
  6 rats
  A bush (Lair:2)
  6 fungi
  4 plants
814 creatures vanquished.

Vanquished Creatures (others)
  A human (D:13)
  An orc warrior (D:6)
  A centaur (D:13)
  2 ogres (D:6)
  A jelly (D:6)
  2 hounds (D:6)
  23 fungi
  15 plants
  14 toadstools (Lair:2)
60 creatures vanquished.

Grand Total: 874 creatures vanquished

Notes
Turn   | Place    | Note
-------+----------+-------------------------------------------
     0 | D:1      | MalarOregon the Gargoyle Earth Elementalist began the quest
                  | for the Orb.
     0 | D:1      | Reached XP level 1. HP: 10/10 MP: 3/3
    54 | D:1      | Reached XP level 2. HP: 11/15 MP: 0/5
    78 | D:1      | Reached skill level 4 in Earth Magic
   428 | D:1      | Reached XP level 3. HP: 15/19 MP: 2/6
   493 | D:1      | Learned a level 2 spell: Passwall
   497 | D:1      | Learned a level 3 spell: Stone Arrow
  1104 | D:2      | Reached skill level 1 in Conjurations
  1272 | D:2      | Reached XP level 4. HP: 24/24 MP: 0/8
  1689 | D:2      | Found a glowing silver altar of Zin.
  2120 | D:3      | Reached skill level 5 in Earth Magic
  2324 | D:3      | Noticed Robin
  2496 | D:2      | Killed Robin
  2496 | D:2      | Reached XP level 5. HP: 26/28 MP: 2/9
  2608 | D:3      | Found a radiant altar of Vehumet.
  3242 | D:4      | Reached XP level 6. HP: 23/32 MP: 0/11
  3339 | D:4      | Found a shadowy altar of Dithmenos.
  3464 | D:4      | Found a sand-covered staircase.
  3470 | Ossuary  | Entered an ossuary
  3633 | Ossuary  | Reached skill level 5 in Conjurations
  3640 | Ossuary  | Reached XP level 7. HP: 30/36 MP: 0/13
  4080 | D:4      | Reached skill level 6 in Earth Magic
  4198 | D:4      | Found an ancient bone altar of Kikubaaqudgha.
  4396 | D:4      | Reached XP level 8. HP: 41/41 MP: 5/15
  4545 | D:5      | Entered Level 5 of the Dungeon
  4617 | D:5      | Found a staircase to the Ecumenical Temple.
  4634 | Temple   | Entered the Ecumenical Temple
  4752 | Temple   | Became a worshipper of Makhleb the Destroyer
  4788 | D:5      | Found a glowing drain.
  4790 | D:5      | Reached skill level 5 in Spellcasting
  4798 | Sewer    | Entered a sewer
  4921 | Sewer    | Noticed Purgy
  4927 | Sewer    | Killed Purgy
  5134 | D:5      | Found a glowing golden altar of the Shining One.
  5235 | D:5      | Reached skill level 7 in Earth Magic
  5414 | D:5      | Learned a level 5 spell: Lee's Rapid Deconstruction
  5419 | D:5      | Learned a level 4 spell: Petrify
  5705 | D:6      | Found a stormy altar of Qazlal.
  5705 | D:6      | Noticed Prince Ribbit
  5711 | D:6      | Killed Prince Ribbit
  5711 | D:6      | Reached skill level 1 in Fighting
  5711 | D:6      | Reached skill level 1 in Armour
  6032 | D:6      | Reached * piety under Makhleb
  6047 | D:6      | Found a shimmering altar of Xom.
  6116 | D:6      | Reached XP level 9. HP: 48/48 MP: 11/17
  6381 | D:6      | Noticed Edmund
  6401 | D:6      | Killed Edmund
  7325 | D:7      | Reached skill level 8 in Earth Magic
  7571 | D:6      | Found a snail-covered altar of Cheibriados.
  7574 | D:6      | Found a sparkling altar of Nemelex Xobeh.
  7593 | D:7      | Found Imym's Magic Scroll Emporium.
  7604 | D:7      | Bought a scroll of blinking for 90 gold pieces
  8007 | D:7      | Reached skill level 9 in Earth Magic
  8200 | D:7      | Found a hide-covered altar of Uskayaw.
  8371 | D:7      | Reached ** piety under Makhleb
  8371 | D:7      | Reached XP level 10. HP: 36/56 MP: 7/19
  8483 | D:7      | Reached skill level 10 in Earth Magic
  8572 | D:8      | Noticed Maurice
  8576 | D:8      | Killed Maurice
  8712 | D:8      | Found a runed translucent door.
  8712 | D:8      | Noticed a wolf spider
  8713 | D:8      | Found a runed translucent door.
  8714 | D:8      | Found a runed translucent door.
  8852 | D:8      | Noticed a two-headed ogre
  8858 | D:8      | Killed a two-headed ogre
  9209 | D:8      | Reached skill level 11 in Earth Magic
  9209 | D:8      | Killed a wolf spider
  9691 | D:8      | Noticed a two-headed ogre
  9691 | D:8      | Noticed a brown ugly thing
  9709 | D:8      | Killed a two-headed ogre
  9709 | D:8      | Reached skill level 12 in Earth Magic
  9709 | D:8      | Reached XP level 11. HP: 51/61 MP: 10/23
  9710 | D:8      | Killed a green ugly thing
  9716 | D:8      | Noticed a centaur warrior
  9730 | D:8      | Killed a centaur warrior
  9859 | D:8      | Reached *** piety under Makhleb
  9896 | D:8      | Identified Sif Muna's Grimoire of Creation
  9900 | D:8      | Identified the Volume of Self-Knowledge and Necromancy
 10459 | D:9      | Noticed a green ugly thing
 10467 | D:9      | Killed a green ugly thing
 10467 | D:9      | Reached skill level 13 in Earth Magic
 10942 | D:9      | Found a roughly hewn altar of Beogh.
 10942 | D:9      | Found a staircase to the Orcish Mines.
 11070 | D:9      | Found a shattered altar of Ashenzari.
 11487 | D:10     | Entered Level 10 of the Dungeon
 11550 | D:10     | Reached **** piety under Makhleb
 11685 | D:10     | Reached skill level 14 in Earth Magic
 12178 | D:10     | Reached skill level 10 in Spellcasting
 12322 | D:10     | Reached skill level 1 in Evocations
 12380 | D:10     | Reached XP level 12. HP: 66/66 MP: 7/26
 12566 | D:10     | Reached ***** piety under Makhleb
 13157 | D:10     | Found an ancient bone altar of Kikubaaqudgha.
 13591 | D:11     | Reached skill level 1 in Staves
 13717 | D:11     | Reached skill level 5 in Evocations
 13867 | D:11     | Noticed Fannar
 14028 | D:11     | Learned a level 2 spell: Blink
 14034 | D:11     | Learned a level 5 spell: Borgnjor's Vile Clutch
 14038 | D:11     | Learned a level 3 spell: Mephitic Cloud
 14328 | D:11     | Found a staircase to the Lair.
 14417 | D:11     | Noticed Snorg
 14439 | D:11     | Killed Snorg
 14443 | D:11     | Reached skill level 5 in Fighting
 14676 | D:11     | Reached skill level 5 in Armour
 14694 | D:11     | Killed Fannar
 14866 | D:11     | Found Vetugile's Changing Room.
 14971 | D:11     | Bought a potion of lignification for 42 gold pieces
 15121 | Lair:1   | Entered Level 1 of the Lair of Beasts
 15466 | Lair:1   | Reached XP level 13. HP: 73/73 MP: 2/27
 15847 | Lair:1   | Learned a level 2 spell: Poisonous Vapours
 16903 | Lair:2   | Reached ****** piety under Makhleb
 17204 | Lair:2   | Got a spiked cloak
 17215 | Lair:2   | Identified the +2 cloak of Orthodoxy {Int+4} (You found it
                  | on level 2 of the Lair of Beasts)
 17253 | Lair:2   | You fall through a shaft for 2 floors!
 17659 | Lair:4   | Found a staircase to the Snake Pit.
 18557 | Lair:2   | Found a blossoming altar of Fedhas.
 18704 | Lair:2   | Noticed Urug
 18709 | Lair:2   | Killed Urug
 18709 | Lair:2   | Reached skill level 5 in Dodging
 20206 | Lair:4   | Found a staircase to the Shoals.
 20536 | Lair:5   | Noticed Josephine
 20543 | Lair:5   | Killed Josephine
 20543 | Lair:5   | Reached skill level 5 in Staves
 20543 | Lair:5   | Reached skill level 10 in Conjurations
 20590 | Lair:5   | Gained mutation: Your large and strong wings let you fly
                  | indefinitely. [Gargoyle growth]
 20590 | Lair:5   | Reached XP level 14. HP: 57/82 MP: 0/29
 22025 | Lair:6   | Entered Level 6 of the Lair of Beasts
 22316 | Lair:6   | Reached skill level 1 in Invocations
 23584 | Lair:6   | Found a staircase to the Slime Pits.
 23584 | Lair:6   | Found a viscous altar of Jiyva.
 24495 | D:12     | Found Siek's General Store.
 24515 | D:12     | Noticed Azrael
 24665 | D:11     | Killed Azrael
 24925 | D:12     | Bought a wand of acid (6) for 260 gold pieces
 24925 | D:12     | Bought a scroll of teleportation for 39 gold pieces
 24925 | D:12     | Bought a scroll of fear for 45 gold pieces
 24925 | D:12     | Bought 2 scrolls of identify for 52 gold pieces
 24933 | D:12     | You fall through a shaft!
 25450 | D:12     | Reached XP level 15. HP: 89/89 MP: 14/30
 26923 | D:13     | Reached skill level 5 in Invocations
 28134 | D:13     | Found a gate to the Vaults.
 28146 | D:13     | Noticed Kirke
 28149 | D:13     | Killed Kirke
 28158 | D:13     | Paralysed by a floating eye for 2 turns
 28443 | D:13     | Found Jushuw's Food Emporium.
 29683 | D:14     | Found a roughly hewn altar of Beogh.
 29772 | D:14     | Found a portal to a secret trove of treasure.
 30122 | D:15     | Entered Level 15 of the Dungeon
 30427 | D:15     | Found a frozen archway.
 30436 | D:15     | Reached skill level 10 in Armour
 30458 | IceCv    | Entered an ice cave
 30563 | IceCv    | Reached skill level 10 in Fighting
 30663 | IceCv    | Reached XP level 16. HP: 97/97 MP: 6/31
 30846 | IceCv    | Killed from afar by an ice dragon

Skill      XL: |  1  2  3  4  5  6  7  8  9 10 11 12 13 14 15 |
---------------+----------------------------------------------+-----
Earth Magic    | 4 5 6 7 9 12 14 | 14.0
Conjurations   | 1 2 3 5 6 7 8 9 10 11 | 11.9
Spellcasting   | 3 4 5 6 8 10 11 | 11.7
Fighting       | 2 4 5 7 8 10 | 10.0
Armour         | 2 4 5 7 8 10 | 10.1
Dodging        | 2 3 4 5 6 |  6.8
Evocations     | 2 5 6 7 8 |  8.2
Staves         | 3 5 6 7 |  7.1
Invocations    | 4 6 |  6.6
Stealth        | |  2.1
Transmutations | |  0.7

Action                   |  1- 3 |  4- 6 |  7- 9 | 10-12 | 13-15 | 16-18 || total
-------------------------+-------+-------+-------+-------+-------+-------++-------
Melee: Unarmed           |    12 |       |       |       |       |       ||    12
       Dagger            |    18 |   129 |       |       |       |       ||   147
       Falchion          |       |    35 |    70 |    57 |       |       ||   162
       Staff             |       |       |       |   136 |   426 |       ||   562
 Cast: Sandblast         |    39 |     6 |    73 |   191 |   103 |       ||   412
       Stone Arrow       |     8 |    41 |    90 |   137 |   112 |       ||   388
       Lee's Rapid Decon |       |       |     2 |    46 |   235 |     7 ||   290
       Blink             |       |       |       |     3 |     3 |       ||     6
       Petrify           |       |       |       |     3 |       |       ||     3
       Borgnjor's Vile C |       |       |       |     2 |    54 |       ||    56
       Mephitic Cloud    |       |       |       |     1 |     1 |       ||     2
       Poisonous Vapours |       |       |       |       |    32 |       ||    32
Evoke: Wand              |       |       |       |    11 |     1 |     2 ||    14
  Use: Scroll            |       |     8 |     6 |     5 |    12 |       ||    31
       Potion            |       |       |       |     1 |     1 |     1 ||     3
 Stab: Sleeping          |       |     4 |     1 |       |       |       ||     5
       Petrified         |       |       |       |     7 |    11 |       ||    18
       Confused          |       |       |       |     2 |       |       ||     2
  Eat: Chunk             |     2 |     7 |    16 |    32 |    68 |       ||   125
       Ration            |       |     1 |     2 |       |     4 |     1 ||     8
Armor: Robe              |    26 |    57 |    38 |       |       |       ||   121
       Scale mail        |       |       |    23 |   295 |   437 |       ||   755
Dodge: Dodged            |    48 |   132 |    98 |   217 |   354 |     2 ||   851
       Rpst.: Falchion   |       |     9 |    27 |     9 |       |       ||    45
